Map: Dusk Towers

Players

capac - Winner!

  • Race: Terran Terran
  • League: Gold

Meadow

  • Race: Terran Terran
  • League: Gold

VOD

Have the link to the VOD?

Description

Time

  • Played on: Feb. 20, 2016, 5:29 p.m.
  • Length: 17:45
Show
View Real Time Build Order
Export as new Build Order

capac Terran - Winner!

Build Orders: MMM Bio 

Get SALT Encoding   

  12  0:00  SCV  
  13  0:13  SCV  
  14  0:18  Supply Depot  
  14  0:25  SCV  
  15  0:40  SCV  
  15  0:41  Barracks  
  16  0:50  Refinery  
  16  0:52  SCV  
  17  1:04  SCV  
  18  1:16  SCV  
  19  1:28  SCV  
  20  1:39  Barracks Reactor, Command Center  
  20  1:48  Supply Depot  
  20  1:54  Orbital Command  
  20  2:16  Factory  
  20  2:17  Marine x2  
  20  2:22  SCV  
  23  2:29  Refinery  
  23  2:37  Marine x2  
  22  2:54  Marine, Bunker  
  22  2:55  Marine  
  23  3:01  SCV  
  24  3:08  SCV  
  23  3:17  Hellion  
  24  3:24  Marine  
  24  3:25  Marine  
  26  3:31  SCV x2  
  22  3:53  Hellion  
  22  3:58  Marine  
  22  3:59  Marine  
  24  4:04  SCV  
  24  4:05  SCV  
  24  4:06  Starport  
  27  4:24  SCV x2  
  27  4:25  Marine x2  
  30  4:36  SCV x2  
  32  4:42  Marine  
  32  4:43  Marine  
  34  4:46  Starport Reactor  
  34  4:48  Factory Tech Lab, SCV x2  
  34  5:00  SCV x2  
  36  5:09  Siege Tank  
  36  5:12  Marine x2, SCV x2  
  43  5:17  Liberator  
  43  5:20  Barracks  
  41  5:24  Orbital Command  
  41  5:35  Supply Depot  
  44  5:42  SCV  
  45  5:54  SCV  
  45  5:56  SCV, Medivac  
  49  6:06  SCV  
  49  6:09  Barracks Tech Lab, SCV  
  49  6:11  Barracks  
  51  6:12  Marine x2  
  53  6:27  SCV  
  54  6:33  Supply Depot  
  54  6:37  Refinery  
  54  6:38  Refinery  
  54  6:45  Stimpack  
  54  6:46  SCV  
  54  6:50  SCV  
  53  6:54  Medivac  
  53  6:58  SCV  
  50  7:43  Supply Depot  
  50  7:47  Supply Depot  
  50  7:49  Supply Depot  
  50  7:50  Marine x3  
  53  8:05  Siege Tank  
  56  8:07  Marine  
  57  8:13  Liberator x2  
  57  8:26  Supply Depot  
  57  8:27  Supply Depot, Marine  
  57  8:28  Marine x2  
  66  8:36  SCV x2  
  68  8:59  SCV x2  
  70  9:07  Marine x3, Command Center  
  73  9:11  SCV x2  
  75  9:17  Barracks  
  75  9:18  Barracks  
  74  9:25  Marine  
  74  9:26  Siege Tank  
  73  9:51  Combat Shields  
  73  9:53  Marine x3  
  73  9:58  Siege Tank  
  79  10:06  Barracks Reactor  
  78  10:08  Barracks Reactor  
  78  10:15  Supply Depot  
  78  10:16  Supply Depot  
  78  10:18  Marine x2  
  78  10:19  Marine  
  81  10:44  Marine x4, Command Center  
  81  10:45  Supply Depot, Marine x3  
  81  10:49  Medivac  
  90  10:50  Medivac  
  90  10:53  Starport  
  93  11:04  SCV  
  93  11:10  SCV  
  93  11:11  SCV  
  95  11:14  Marine x2  
  95  11:16  SCV  
  99  11:25  SCV x2  
  99  11:32  Starport Reactor  
  100  11:33  Orbital Command  
  100  11:40  SCV x2  
  100  11:41  Marine x5  
  100  11:42  Marine  
  100  11:44  Medivac x2  
  100  11:46  Siege Tank  
  115  11:50  Factory  
  115  12:01  Liberator x2  
  115  12:02  Liberator x2  
  115  12:07  SCV x2  
  117  12:11  Marine x7  
  136  12:25  Siege Tank  
  139  12:36  Marine x6  
  145  12:38  SCV x3  
  148  12:51  Supply Depot  
  148  12:52  Supply Depot  
  148  12:54  Marine x3  
  151  13:00  Liberator  
  151  13:01  Liberator x3  
  151  13:10  Marine  
  151  13:11  Marine x3  
  155  13:15  Supply Depot  
  155  13:18  Supply Depot  
  167  13:25  Refinery  
  167  13:26  Refinery  
  167  13:30  Marine  
  167  13:31  Marine x3  
  167  13:32  Marine  
  172  13:34  Siege Tank  
  175  13:42  Supply Depot  
  175  13:43  Supply Depot  
  175  13:54  Engineering Bay  
  175  13:56  Engineering Bay  
  175  14:00  Marine x6  
  181  14:02  Liberator  
  181  14:03  Liberator  
  181  14:05  Factory Tech Lab  
  181  14:20  Medivac  
  181  14:21  Medivac  
  181  14:22  Marine x4  
  195  14:36  Planetary Fortress  
  195  14:47  Terran Infantry Weapons Level 1  
  195  14:48  Terran Infantry Armor Level 1  
  195  14:52  Armory  
  195  15:05  Siege Tank  
  198  15:10  Missile Turret  
  198  15:11  Missile Turret  
  198  15:25  Marine x2  
  200  15:32  Barracks  
  200  15:33  Barracks  
  188  16:22  Liberator x4  
Show
View Real Time Build Order
Export as new Build Order

Meadow Terran 

Build Orders:  

Get SALT Encoding   

  12  0:00  SCV  
  13  0:13  SCV  
  14  0:18  Supply Depot  
  14  0:26  SCV  
  15  0:39  SCV  
  15  0:40  Barracks  
  16  0:45  Refinery  
  16  0:51  SCV  
  17  1:01  Barracks  
  17  1:05  SCV  
  18  1:12  Refinery  
  18  1:20  SCV  
  19  1:28  Reaper  
  20  1:40  Barracks  
  20  1:48  Reaper  
  21  1:55  Orbital Command  
  21  2:02  Reaper  
  22  2:16  Supply Depot  
  23  2:22  Reaper  
  23  2:40  Reaper x2  
  25  2:49  SCV  
  25  2:55  Reaper  
  26  3:12  Reaper x2  
  27  3:21  SCV  
  27  3:27  Reaper  
  28  3:44  Reaper x2  
  26  3:59  Reaper  
  26  4:02  SCV  
  28  4:05  Supply Depot  
  28  4:09  Command Center  
  28  4:15  SCV  
  28  4:16  Reaper x2  
  31  4:22  Factory  
  31  4:27  SCV  
  31  4:31  Supply Depot, Reaper  
  33  4:40  SCV  
  34  4:48  Reaper x2  
  36  5:03  Reaper  
  36  5:13  SCV  
  37  5:20  Reaper x2  
  39  5:24  Orbital Command  
  39  5:25  SCV  
  40  5:35  Reaper  
  41  5:37  SCV  
  42  5:43  Refinery  
  42  5:44  Refinery, Factory Reactor  
  42  5:46  Starport  
  42  5:49  SCV  
  43  5:51  SCV  
  43  5:52  Reaper  
  43  5:55  Reaper  
  46  6:01  SCV  
  46  6:03  SCV  
  48  6:13  SCV  
  48  6:14  Engineering Bay  
  48  6:16  SCV  
  48  6:18  Reaper, Command Center  
  51  6:24  Reaper  
  51  6:25  SCV  
  53  6:27  Reaper  
  53  6:28  SCV  
  55  6:37  SCV  
  56  6:40  SCV  
  57  6:49  SCV  
  57  6:50  Reaper  
  56  6:57  Reaper  
  56  6:59  Reaper  
  58  7:22  Reaper  
  58  7:29  Reaper  
  59  7:32  Reaper  
  55  7:39  Orbital Command  
  54  7:46  SCV x2  
  54  7:49  Supply Depot  
  56  7:52  Factory Tech Lab  
  56  7:54  Reaper  
  56  7:58  SCV x2, Missile Turret x2  
  57  7:59  Missile Turret  
  57  8:01  Reaper  
  57  8:05  Missile Turret  
  60  8:06  Reaper, Missile Turret x2  
  60  8:09  SCV  
  60  8:10  SCV  
  60  8:11  SCV  
  68  8:15  Viking x2  
  67  8:21  SCV  
  68  8:28  Missile Turret  
  68  8:30  SCV x2  
  68  8:33  SCV  
  68  8:42  SCV  
  68  8:55  SCV  
  68  8:56  SCV  
  69  9:31  Reaper x3  
  69  9:37  Siege Tank  
  74  9:40  Medivac x2  
  78  9:55  Missile Turret  
  78  9:58  Missile Turret  
  78  9:59  Missile Turret  
  78  10:03  Missile Turret  
  75  10:22  Medivac x2  
  75  10:23  Barracks Tech Lab, Barracks Reactor  
  75  10:24  Barracks Reactor  
  75  10:25  Siege Tank  
  82  10:33  Terran Infantry Weapons Level 1, Factory  
  82  10:34  SCV x2  
  85  10:37  Orbital Command  
  84  10:46  SCV  
  85  10:55  Refinery  
  85  10:57  Refinery  
  85  11:00  Supply Depot, Missile Turret  
  85  11:01  Supply Depot  
  85  11:03  Supply Depot  
  85  11:04  Supply Depot, Missile Turret x2  
  85  11:05  Supply Depot x2, Missile Turret  
  85  11:07  Missile Turret x2  
  85  11:08  Missile Turret  
  85  11:09  Missile Turret  
  85  11:12  Supply Depot  
  85  11:14  Supply Depot  
  85  11:15  Supply Depot  
  85  11:22  SCV x2, Medivac x2  
  85  11:24  Siege Tank  
  94  11:26  Marauder, Marine x3  
  94  11:27  Marine  
  100  11:37  Factory Tech Lab  
  100  11:52  Medivac x2  
  100  11:53  Command Center  
  104  11:56  Siege Tank  
  104  12:00  SCV x3  
  110  12:08  Armory  
  110  12:12  SCV x3  
  113  12:21  Marine x3  
  113  12:22  Marauder, Marine  
  119  12:27  Terran Infantry Armor Level 1  
  119  12:33  Barracks x2  
  119  12:34  Barracks  
  119  12:39  SCV x3  
  119  12:40  Barracks  
  119  12:42  Barracks x2  
  119  12:44  Supply Depot  
  122  12:45  Supply Depot, Barracks  
  122  13:01  Medivac x2  
  122  13:02  Command Center  
  122  13:05  Siege Tank  
  129  13:07  Siege Tank  
  132  13:22  Engineering Bay  
  132  13:25  Barracks Tech Lab x2  
  132  13:26  Barracks Reactor  
  132  13:27  Barracks Reactor  
  132  13:28  Barracks Reactor  
  132  13:29  Barracks Reactor  
  132  13:35  Marine x3  
  132  13:36  Marauder, Marine  
  132  13:38  Barracks Tech Lab  
  132  13:40  Orbital Command  
  138  13:45  Siege Tank  
  138  13:46  Siege Tank  
  144  13:58  Marauder  
  146  14:04  Medivac x2  
  146  14:09  Combat Shields  
  150  14:11  Concussive Shells, Stimpack  
  150  14:12  Refinery x2  
  150  14:14  Terran Infantry Weapons Level 2  
  153  14:17  Siege Tank  
  153  14:18  Siege Tank  
  156  14:34  Orbital Command  
  155  14:45  Viking  
  155  14:46  Viking  
  159  14:53  Terran Infantry Armor Level 2  
  159  15:08  Planetary Fortress  
  159  15:11  Starport  
  159  15:12  Starport  
  159  15:13  Starport  
  159  15:14  Missile Turret x2  
  159  15:16  Missile Turret  
  159  15:19  Missile Turret x2  
  159  15:36  Missile Turret  
  159  15:37  Missile Turret  
  159  15:50  Sensor Tower  
  129  16:13  Viking x2, Starport Reactor  
  129  16:14  Starport Reactor x2  
  110  16:43  Viking x2  
  108  16:53  Viking x4  
  108  16:54  Viking x2  
  108  17:13  Viking x2  
Tags
 
Composition
MMM Bio
League
GoldGold
Matchup
TvT
Race
Terran
Add a new tag
Caveats
  • Supply blocks, unpowered buildings, or Contaminate may cause inaccurate times.
  • Supply counts are checked every 10 seconds.